 Dungeon Sprint DCSS version 0.31-a0-95-g6fa058ef04 (webtiles) character file.

Game seed: 7167155106742607376

261 sircluck the Unseen (level 6, -11/57 HPs)
             Began as a Kobold Brigand on May 25, 2023.
             Was an Initiate of Dithmenos.
             Mangled by a spriggan
             ... wielding a +0 short sword
              (12 damage)
             ... in the Dungeon (Sprint IV: "Fedhas' Mad Dash").
             The game lasted 00:01:03 (120 turns).

sircluck the Unseen (Kobold Brigand)                 Turns: 120, Time: 00:01:04

Health: -11/57     AC:  3    Str:  9    XL:     6   Next: 41%
Magic:  6/6        EV: 14    Int: 12    God:    Dithmenos [......]
Gold:   71         SH:  0    Dex: 18    Spells: 5/5 levels left

rFire   . . .        a - +2 dagger
rCold   . . .        (no shield)
rNeg    . . .        b - +0 robe
rPois   .            (no helmet)
rElec   .            c - +0 cloak
rCorr   .            (no gloves)
SInv    .            (no boots)
Will    .....        (no amulet) Stlth
                     (no ring)
HPRegen 0.29/turn    (no ring)
MPRegen 0.10/turn

%: no teleportation
@: berserking (expiring), very quick
A: small, no large weapons, nightstalker 3
a: Renounce Religion


You were in the Dungeon.
You worshipped Dithmenos.
Dithmenos was noncommittal.
You visited 1 branch You collected 71 gold pieces.

Inventory:

Hand Weapons
 a - a +2 dagger (weapon)
Missiles
 d - 9 poisoned darts (quivered)
 e - 3 curare-tipped darts
 m - 6 stones
Armour
 b - a +0 robe (worn)
 c - a +0 cloak (worn)
Jewellery
 l - the amulet of invisibility {+Inv}
   (You found it in the Dungeon)

   [amulet of nothing]

   +Inv:      It lets you turn invisible.
Scrolls
 k - a scroll of blinking
Potions
 f - a potion of curing
 g - a potion of heal wounds
 h - a potion of haste
 i - 2 potions of magic


   Skills:
 + Level 3.6 Fighting
 + Level 5.0 Short Blades
 + Level 3.8 Throwing
 + Level 1.9 Dodging
 * Level 16.2 Stealth


You had 5 spell levels left.
You didn't know any spells.
Your spell library was empty.

Dungeon Overview and Level Annotations

Branches:
Dungeon (1/1)

Altars:
Cheibriados
Dithmenos
Elyvilon
Gozag
Hepliaklqana
Kikubaaqudgha
Makhleb
Nemelex Xobeh
Okawaru
Qazlal
Ru
Sif Muna
Trog
Uskayaw
Vehumet
Wu Jian
Xom
Yredelemnul
Zin
The Shining One
Jiyva
Lugonu


Innate Abilities, Weirdness & Mutations

You are small and have problems with some larger weapons.
You are completely attuned to the shadows.


Message History

You open the door.
There is an open door here.
The scorpion stings you.
The spriggan shouts!
You see here 5 gold pieces.
The spriggan hits you with a +0 short sword!!
There is an open door, spattered with blood here.
Unknown command.
Unknown command.
A red film seems to cover your vision as you go berserk!
You feel yourself moving faster!
You feel mighty! The scorpion stings you.
The spriggan hits you with a +0 short sword!
* * * LOW HITPOINT WARNING * * *
Unknown command.
Unknown command.
Unknown command.
You feel a strong urge to attack something.
You barely miss the scorpion. The scorpion barely misses you.
You hit the scorpion.
The scorpion is moderately wounded.
You hit the scorpion.
The scorpion is moderately wounded.
The scorpion misses you.
You hit the scorpion.
The scorpion is severely wounded.
The scorpion stings you.
* * * LOW HITPOINT WARNING * * *
You hit the scorpion.
The scorpion is almost dead.
You puncture the scorpion!
You kill the scorpion!
Dithmenos accepts your kill.
Your Short Blades skill increases to level 5!
Your Stealth skill increases to level 16!
You puncture the spriggan!
The spriggan is almost dead.
The spriggan hits you with a +0 short sword!
* * * LOW HITPOINT WARNING * * *
The spriggan hits you with a +0 short sword!
You die...

#####################
.⌠._._._._.⌠.#..@i..#
.._._._._._..'.i#$.$#
..._._._._...#..###+#
.._._._._._..#.)#
._._._._._.⌠.####
##############


You could see 2 spriggans.

Vanquished Creatures
  2 scorpions (D)
  4 oklob saplings (D)
  A river rat (D)
  A rat (D)
8 creatures vanquished.

Notes
Turn   | Place    | Note
-------+----------+-------------------------------------------
     0 | D        | sircluck the Kobold Brigand began the quest for the Orb.
     0 | D        | Reached XP level 1. HP: 12/12 MP: 1/1
     9 | D        | Reached skill level 7 in Stealth
     9 | D        | Reached XP level 2. HP: 18/18 MP: 2/2
    16 | D        | Noticed an oklob sapling
    18 | D        | Killed an oklob sapling
    19 | D        | Reached skill level 9 in Stealth
    19 | D        | Reached XP level 3. HP: 22/22 MP: 3/3
    21 | D        | Noticed a scorpion
    21 | D        | Found the amulet of invisibility {+Inv}
    32 | D        | Killed a scorpion
    33 | D        | Reached skill level 12 in Stealth
    33 | D        | Reached XP level 4. HP: 11/28 MP: 4/4
    60 | D        | Reached skill level 13 in Stealth
    60 | D        | Reached XP level 5. HP: 20/32 MP: 5/5
    76 | D        | Found an opulent altar of Gozag.
    76 | D        | Found a sacrificial altar of Ru.
    77 | D        | Found a burning altar of Makhleb.
    77 | D        | Found an ornate altar of the Wu Jian Council.
    77 | D        | Found a shimmering altar of Xom.
    78 | D        | Found a hazy altar of Hepliaklqana.
    78 | D        | Found a shimmering blue altar of Sif Muna.
    79 | D        | Found a sparkling altar of Nemelex Xobeh.
    79 | D        | Found a snail-covered altar of Cheibriados.
    79 | D        | Found a basalt altar of Yredelemnul.
    80 | D        | Found a viscous altar of Jiyva.
    80 | D        | Found a bloodstained altar of Trog.
    81 | D        | Found an iron altar of Okawaru.
    81 | D        | Found a glowing silver altar of Zin.
    81 | D        | Found a shadowy altar of Dithmenos.
    82 | D        | Found a hide-covered altar of Uskayaw.
    82 | D        | Found an ancient bone altar of Kikubaaqudgha.
    83 | D        | Found a stormy altar of Qazlal.
    83 | D        | Found a glowing golden altar of the Shining One.
    83 | D        | Found a white marble altar of Elyvilon.
    85 | D        | Reached skill level 14 in Stealth
    85 | D        | Found a radiant altar of Vehumet.
    85 | D        | Found a corrupted altar of Lugonu.
    91 | D        | Became a worshipper of Dithmenos the Shadowed
   102 | D        | Reached skill level 15 in Stealth
   102 | D        | Reached XP level 6. HP: 35/37 MP: 6/6
   119 | D        | Reached skill level 5 in Short Blades
   119 | D        | Reached skill level 16 in Stealth
   120 | D        | HP: 1/57 [spriggan/+0 short sword (11)]
   120 | D        | Mangled by a spriggan

Illustrated notes

Levels and vault maps discovered:
D:        dungeon_sprint_fedhas [sprint_temple]

Skill      XL: |  1  2  3  4  5  6 |
---------------+-------------------+-----
Short Blades   | 3 4 5 |  5.0
Stealth        | 7 9 12 13 15 16 | 16.2
Fighting       | 3 |  3.6
Throwing       | 3 |  3.8
Dodging        | |  1.9

Action                     |  1- 3 |  4- 6 || total
---------------------------+-------+-------++-------
  Melee: Dagger            |    13 |    10 ||    23
  Throw: Dart              |     1 |       ||     1
    Use: Potion            |       |     1 ||     1
   Stab: Sleeping          |     3 |     3 ||     6
 Armour: Robe              |     1 |       ||     1
  Dodge: Dodged            |     3 |     2 ||     5

Table legend: (Time is in decaauts)
 A = Elapsed time spent in this place.
 B = Non-inter-level travel time spent in this place.
 C = Inter-level travel time spent in this place.
 D = Time resting spent in this place.
 E = Time spent auto-exploring this place.
 F = Levels seen in this place.
 G = Mean time per level.
                   A        B        C        D        E       F      G
               +--------+--------+--------+--------+--------+-----+--------+
         Total |    113 |    113 |      0 |      0 |      7 |   1 |  113.0 |
       Dungeon |    113 |    113 |      0 |      0 |      7 |   1 |  113.0 |
               +--------+--------+--------+--------+--------+-----+--------+

Top non-repeatable levels by time:
       D: 113 daAuts
